 Dungeon Crawl Stone Soup version 0.28-a0-595-g9f6c0e134a (webtiles) character file.

Game seed: 10507804723309013302

23 lawman0 the Sneak (level 2, -3/18 HPs)
             Began as a Deep Elf Delver on Oct 4, 2021.
             Slain by an orc (7 damage)
             ... on level 4 of the Dungeon.
             The game lasted 00:00:38 (257 turns).

lawman0 the Sneak (Deep Elf Delver)                  Turns: 257, Time: 00:00:38

Health: -3/18      AC:  3    Str:  9    XL:     2   Next: 72%
Magic:  4/4        EV: 12    Int: 14    God:
Gold:   0          SH:  0    Dex: 16    Spells: 1/1 levels left

rFire   . . .      SeeInvis .   a - +0 short sword
rCold   . . .      Faith    .   (no shield)
rNeg    . . .      Spirit   .   b - +0 leather armour
rPois   .          Reflect  .   (no helmet)
rElec   .          Harm     .   (no cloak)
rCorr   .          Rampage  .   (no gloves)
Will    .....                   (no boots)
Stlth   +++.......              (no amulet)
HPRegen 0.06/turn               (no ring)
MPRegen 0.09/turn               (no ring)

@: hasted, very quick
A: no striking features
a: no special abilities


You were on level 4 of the Dungeon.
You visited 1 branch of the dungeon, and saw 2 of its levels.

Inventory:

Hand Weapons
 a - a +0 short sword (weapon)
Armour
 b - a +0 leather armour (worn)
Wands
 g - a wand of digging (3)
Scrolls
 c - a scroll of fog
 e - a scroll of fear


   Skills:
 + Level 2.6 Fighting
 + Level 2.1 Short Blades
 + Level 3.1 Dodging
 + Level 6.4 Stealth


You had one spell level left.
You didn't know any spells.
Your spell library was empty.

Dungeon Overview and Level Annotations

Branches:
Dungeon (5/15)
 Temple: D:4-7

Altars:
Nemelex Xobeh
Ru
Zin


Message History

A ball python comes into view.
An orc comes into view.
It is wielding a +0 war axe and quivering silver javelins.
Found a runed dagger.
The orc shouts!
The ball python hisses angrily.
You completely miss the ball python. The ball python bites you.
The ball python misses you. The ball python barely misses you. x2
The ball python bites you but does no damage.
The ball python barely misses you.
You hit the orc but do no damage. The ball python completely misses you.
The ball python closely misses you.
A goblin comes into view. It is wielding a +0 club.
The orc hits you with a +0 war axe!
Ouch! That really hurt!
You hit the ball python.
The ball python is moderately wounded.
The ball python misses you. The ball python barely misses you.
The orc barely misses you.
Unknown command.
The ball python bites you but does no damage.
The ball python barely misses you.
The orc throws a silver javelin.
The silver javelin closely misses you. The ball python barely misses you.
The ball python closely misses you.
The orc throws a silver javelin.
The silver javelin barely misses you.
Okay, then.
Sorry, you're not good enough to have a special ability.
You feel yourself speed up.
The ball python bites you but does no damage.
The ball python grabs you. The ball python constricts you.
You hit the ball python.
You kill the ball python!
The orc barely misses you.
You hit the orc but do no damage. The orc closely misses you.
You completely miss the orc. You hit the orc but do no damage.
The orc misses you.
You hit the orc.
The orc is heavily wounded.
The goblin hits you with a +0 club.
* * * LOW HITPOINT WARNING * * *
The orc hits you with a +0 war axe!
You die...

### ).# ### #.#
##### ... #.#
..... #.#####.#
......
#.....#@####......
#>...og.........
#.#.##....###..
#.#..+....+
#.####....# #.#
#...... #..
........ ###
######...# ##..


You could see an orc and a goblin.

Vanquished Creatures
  A hound skeleton (D:5)
  A gnoll (D:4)
  A ball python (D:4)
3 creatures vanquished.

Notes
Turn   | Place    | Note
-------+----------+-------------------------------------------
     0 | D:5      | lawman0 the Deep Elf Delver began the quest for the Orb.
     0 | D:5      | Reached XP level 1. HP: 13/13 MP: 3/3
    24 | D:5      | Found a sacrificial altar of Ru.
    26 | D:5      | Found a glowing silver altar of Zin.
    42 | D:5      | Reached XP level 2. HP: 10/18 MP: 4/4
    43 | D:5      | Found a sparkling altar of Nemelex Xobeh.
   257 | D:4      | Slain by an orc

Illustrated notes

Levels and vault maps discovered:
D:4:      layout_basic, serial_shops, nicolae_shop_competitors_out_of_business,
          nicolae_shop_crystal
D:5:      layout_basic, gammafunk_temple_overflow_forgotten

Skill      XL: |  1  2 |
---------------+-------+-----
Dodging        | 3 |  3.1
Fighting       | |  2.6
Short Blades   | |  2.1
Stealth        | |  6.4

Action                   || total
-------------------------++-------
Melee: Short sword       ||    18
  Use: Scroll            ||     1
       Potion            ||     1
 Stab: Sleeping          ||     1
Armor: Leather armour    ||     7
Dodge: Dodged            ||    23

Table legend: (Time is in decaauts)
 A = Elapsed time spent in this place.
 B = Non-inter-level travel time spent in this place.
 C = Inter-level travel time spent in this place.
 D = Time resting spent in this place.
 E = Time spent auto-exploring this place.
 F = Levels seen in this place.
 G = Mean time per level.
                   A        B        C        D        E       F      G
               +--------+--------+--------+--------+--------+-----+--------+
         Total |    255 |    202 |     53 |    119 |     16 |   2 |  127.5 |
       Dungeon |    255 |    202 |     53 |    119 |     16 |   2 |  127.5 |
               +--------+--------+--------+--------+--------+-----+--------+

Top non-repeatable levels by time:
     D:5: 233 daAuts
     D:4: 22 daAuts
